 Dungeon Crawl Stone Soup version 0.22.1-2-g9c5b331 (webtiles) character file.

29 PaladinM the Slasher (level 3, 0/27 HPs)
             Began as a Human Warper on Jan 1, 2019.
             Slain by a bat (1 damage)
             ... on level 2 of the Dungeon.
             The game lasted 00:07:22 (1594 turns).

PaladinM the Slasher (Human Warper)                 Turns: 1594, Time: 00:07:23

Health: 0/27       AC:  3    Str: 11    XL:     3   Next: 32%
Magic:  2/6        EV: 12    Int: 13    God:
Gold:   100        SH:  0    Dex: 13    Spells: 2/6 levels left

rFire    . . .     SeeInvis .   a - +0 falchion
rCold    . . .     Gourm    .   (no shield)
rNeg     . . .     Faith    .   b - +0 leather armour
rPois    .         Spirit   .   (no helmet)
rElec    .         Reflect  .   (no cloak)
rCorr    .         Harm     .   (no gloves)
MR       .....                  (no boots)
Stlth    +.........             (no amulet)
HPRegen  0.09/turn              (no ring)
MPRegen  0.10/turn              (no ring)

@: very slightly contaminated
A: no striking features
a: no special abilities


You were on level 2 of the Dungeon.
You were not hungry.

You visited 1 branch of the dungeon, and saw 2 of its levels.

You collected 100 gold pieces.

Inventory:

Hand Weapons
 a - a +0 falchion (weapon)
Missiles
 e - 5 tomahawks of dispersal (quivered)
Armour
 b - a +0 leather armour (worn)
Wands
 m - a wand of disintegration (9)
Scrolls
 c - a scroll of noise {unknown}
 i - a scroll of remove curse {unknown}
 k - a scroll of magic mapping {unknown}
 l - 2 scrolls of amnesia {unknown}
Potions
 g - a potion of degeneration {unknown}
 h - 2 potions of flight {unknown}
 j - a potion of might {unknown}
Comestibles
 f - 3 rations


   Skills:
 - Level 2.0 Fighting
 + Level 3.5 Long Blades
 - Level 1.0 Throwing
 - Level 1.0 Armour
 - Level 2.0 Dodging
 - Level 2.0 Spellcasting
 - Level 3.0 Translocations


You had 2 spell levels left.
You knew the following spells:

 Your Spells              Type           Power        Failure   Level  Hunger
a - Shroud of Golubria    Chrm/Tloc      #.........   26%         2    ###....
b - Blink                 Tloc           N/A          14%         2    ###....

Your spell library contained the following spells:

 Spells                   Type           Power        Failure   Level  Hunger
 Gell's Gravitas          Tloc           #.........   28%         3    ####...
 Lesser Beckoning         Tloc           #.........   28%         3    ####...
 Teleport Other           Tloc           #.......     28%         3    ####...
 Passage of Golubria      Tloc           N/A          67%         4    #####..


Dungeon Overview and Level Annotations

Branches:
Dungeon (2/15)

Altars:
Nemelex Xobeh

Annotations:
D:2 Terence


Message History

The bat misses you. The bat barely misses you. The hound completely misses you.
The bat hits you but does no damage. The hound bites you.
* * * LOW HITPOINT WARNING * * *
Casting: Shroud of Golubria (safe; 26% risk of failure)
Confirm with . or Enter, or press ? or * to list all spells.
You don't have enough magic to cast that spell.
Okay, then.
Blink to where?
Press: ? - help, Dir - move target cursor
As you read the scroll of blinking, it crumbles to dust.
The hound pauses to sniff the ground.
There is a stone staircase leading down here.
The bat barely misses you. The bat hits you but does no damage. x2
The bat barely misses you.
You riposte.
You hit the bat but do no damage. The bat closely misses you.
You riposte.
You miss the bat. The bat closely misses you. The bat hits you.
You die...

#.###.@# #......#
#......# #.#.####.#
######.# #.#.#...>#
#.# #.#.#.##.# #.#
#.#....#.######.
#######.#
#.###...h.......
@..#...<#
#.......#...####
##.#.#.##
##....b.#.#.#
#...#.#####.#.#@.###.#
###.#.#.....#..#.....#
###.#.######.#######.
#.#.....##.........
#.#####.###########
#.....#.# ####.##.#
#.##.# #.##.#


You could see a hound and a bat.

Vanquished Creatures
  A worm (D:2)
  A leopard gecko (D:1)
  3 bats (D:1)
  3 giant cockroaches
  2 hobgoblins (D:1)
  2 jackals (D:1)
  A ball python (D:1)
  3 goblins
  3 kobolds
  6 rats
25 creatures vanquished.

Notes
Turn   | Place    | Note
-------+----------+-------------------------------------------
     0 | D:1      | PaladinM the Human Warper began the quest for the Orb.
     0 | D:1      | Reached XP level 1. HP: 16/16 MP: 3/3
    77 | D:1      | Reached XP level 2. HP: 21/22 MP: 5/5
    81 | D:1      | Learned a level 2 spell: Shroud of Golubria
    84 | D:1      | Learned a level 2 spell: Blink
   389 | D:1      | Found a sparkling altar of Nemelex Xobeh.
   395 | D:1      | Reached XP level 3. HP: 24/27 MP: 6/6
   835 | D:2      | Noticed Terence
  1585 | D:2      | HP: 1/27 [hound (5)]
  1594 | D:2      | Slain by a bat

Skill      XL: |  1  2 |
---------------+-------+-----
Long Blades    | 3 |  3.5
Fighting       | |  2.0
Throwing       | |  1.0
Armour         | |  1.0
Dodging        | |  2.0
Spellcasting   | |  2.0
Translocations | |  3.0

Action                   || total
-------------------------++-------
Melee: Falchion          ||    93
 Cast: Shroud of Golubri ||     5
  Use: Scroll            ||     1
  Eat: Chunk             ||     3
Armor: Leather armour    ||    28
Dodge: Dodged            ||    79
       Rpst.: Falchion   ||    25
